3A
MT. VERNON BULLS @ CAPE CORAL REEFERS
05/26/2038
 
TOP OF THE 1ST
Mt. Vernon Bulls batting - Pitching for Cape Coral Reefers : RHP Ken Richmond
Pitching: RHP Ken Richmond
Batting: RHB Ned Lyons 0-0: Swinging Strike
0-1: Ball
1-1: Called Strike
1-2: Ball
2-2: Strikes out swinging
Batting: LHB Ben Bullock 0-0: Foul Ball, location: 2F
0-1: Ball
1-1: SINGLE (Groundball, 34D, EV 98.1 MPH)
Batting: RHB Cyrillo Watson 0-0: Ball
1-0: Ball
2-0: Foul Ball, location: 2F
2-1: Called Strike
Ben Bullock is caught stealing 2nd base 2-4
2-2: Ball
3-2: Foul Ball, location: 2F
3-2: Base on Balls
Batting: LHB Philip Todd 0-0: Foul Ball, location: 2F
0-1: Ball
1-1: Foul Ball, location: 2F
1-2: Foul Ball, location: 2F
1-2: Foul Ball, location: 2F
1-2: Foul Ball, location: 2F
1-2: Strikes out swinging
Top of the 1st over - 0 runs, 1 hit, 0 errors, 1 left on base; Mt. Vernon 0 - Cape Coral 0
BOTTOM OF THE 1ST
Cape Coral Reefers batting - Pitching for Mt. Vernon Bulls : LHP Lance Barber
Pitching: LHP Lance Barber
Batting: RHB Jeff Bowers 0-0: Called Strike
0-1: Swinging Strike
0-2: Strikes out swinging
Batting: LHB Pedro Guerrero 0-0: Ball
1-0: Foul Ball, location: 2F
1-1: Foul Ball, location: 2F
1-2: Fly out, F5 (Popup, 5SF, EV 84.4 MPH)
Batting: RHB Tom Camden 0-0: Called Strike
0-1: Called Strike
0-2: Strikes out swinging
Bottom of the 1st over - 0 runs, 0 hits, 0 errors, 0 left on base; Mt. Vernon 0 - Cape Coral 0
TOP OF THE 2ND
Mt. Vernon Bulls batting - Pitching for Cape Coral Reefers : RHP Ken Richmond
Batting: RHB Maema Njongmeta 0-0: Called Strike
0-1: Called Strike
0-2: Ball
1-2: Ball
2-2: Ball
3-2: Strikes out swinging
Batting: RHB Doug Page 0-0: Ball
1-0: Ball
2-0: Ball
3-0: Called Strike
3-1: Fly out, F9 (Flyball, 9LD, EV 89.4 MPH)
Batting: RHB Francisco Ortíz 0-0: Called Strike
0-1: Ball
1-1: Swinging Strike
1-2: Strikes out swinging
Top of the 2nd over - 0 runs, 0 hits, 0 errors, 0 left on base; Mt. Vernon 0 - Cape Coral 0
BOTTOM OF THE 2ND
Cape Coral Reefers batting - Pitching for Mt. Vernon Bulls : LHP Lance Barber
Batting: RHB Dima Tabakaev 0-0: Foul Ball, location: 2F
0-1: Foul Ball, location: 2F
0-2: Ball
1-2: Foul Ball, location: 2F
1-2: Ball
2-2: Strikes out swinging
Batting: LHB Danny Rodríguez 0-0: Ball
1-0: Foul Ball, location: 2F
1-1: Ball
2-1: Fly out, F9 (Flyball, 89D, EV 95.0 MPH)
Batting: RHB Woong Byeon 0-0: Fly out, F7 (Flyball, 7LM, EV 98.1 MPH)
Bottom of the 2nd over - 0 runs, 0 hits, 0 errors, 0 left on base; Mt. Vernon 0 - Cape Coral 0
TOP OF THE 3RD
Mt. Vernon Bulls batting - Pitching for Cape Coral Reefers : RHP Ken Richmond
Batting: RHB Mike O'Neill 0-0: Ball
1-0: Foul Ball, location: 2F
1-1: Foul Ball, location: 2F
1-2: Ball
2-2: Ball
3-2: Ground out 6-3 (Groundball, 6, EV 90.0 MPH)
Batting: RHB Claudio Corona 0-0: Called Strike
0-1: Swinging Strike
0-2: Ball
1-2: Strikes out looking
Batting: RHB Ned Lyons 0-0: Foul Ball, location: 2F
0-1: Ball
1-1: Ball
2-1: Foul Ball, location: 2F
2-2: Ball
3-2: Foul Ball, location: 2F
3-2: Base on Balls
Batting: LHB Ben Bullock 0-0: Ground out 3-1 (Groundball, 3, EV 82.5 MPH)
Top of the 3rd over - 0 runs, 0 hits, 0 errors, 1 left on base; Mt. Vernon 0 - Cape Coral 0
BOTTOM OF THE 3RD
Cape Coral Reefers batting - Pitching for Mt. Vernon Bulls : LHP Lance Barber
Batting: RHB Jim Robbins 0-0: Ball
1-0: Called Strike
1-1: Swinging Strike
1-2: Ball
2-2: Ball
3-2: Base on Balls
Batting: LHB Fernando Negrete 0-0: Ball
1-0: Ball
2-0: Ball
3-0: Base on Balls
Jim Robbins to second
Batting: RHB Dave Hill 0-0: Called Strike
0-1: Grounds into double play, U6-3 (Groundball, 4M, EV 81.2 MPH)
Jim Robbins to third
Batting: RHB Jeff Bowers 0-0: Fly out, F6 (Flyball, 6D, EV 80.6 MPH)
Bottom of the 3rd over - 0 runs, 0 hits, 0 errors, 1 left on base; Mt. Vernon 0 - Cape Coral 0
TOP OF THE 4TH
Mt. Vernon Bulls batting - Pitching for Cape Coral Reefers : RHP Ken Richmond
Batting: RHB Cyrillo Watson 0-0: Fly out, F3 (Popup, 3F, EV 55.6 MPH)
Batting: LHB Philip Todd 0-0: Called Strike
0-1: Foul Ball, location: 2F
0-2: Ball
1-2: Ball
2-2: Foul Ball, location: 2F
2-2: Foul Ball, location: 2F
2-2: DOUBLE (Flyball, 8RXD, EV 106.9 MPH)
Batting: RHB Maema Njongmeta 0-0: Ball
1-0: Swinging Strike
1-1: Called Strike
1-2: Ball
2-2: Foul Ball, location: 2F
2-2: SINGLE (Groundball, 56D, EV 95.0 MPH)
Philip Todd to third
Runner from 3rd tries for Home, SAFE, no throw by LF
Batting: RHB Doug Page Pickoff Throw to First - Out! 1-3
0-0: Foul Ball, location: 2F
0-1: Called Strike
0-2: Foul Ball, location: 2F
0-2: Ball
1-2: Strikes out looking
Top of the 4th over - 1 run, 2 hits, 0 errors, 0 left on base; Mt. Vernon 1 - Cape Coral 0
BOTTOM OF THE 4TH
Cape Coral Reefers batting - Pitching for Mt. Vernon Bulls : LHP Lance Barber
Batting: LHB Pedro Guerrero 0-0: Ball
1-0: Bunted foul
1-1: Ground out 4-3 (Groundball, 4, EV 106.2 MPH)
Batting: RHB Tom Camden 0-0: Called Strike
0-1: Ball
1-1: Ball
2-1: Ball
3-1: Base on Balls
Batting: RHB Dima Tabakaev 0-0: Swinging Strike
0-1: Ball
1-1: Ball
2-1: Ball
3-1: Grounds into double play, 6-4-3 (Groundball, 56, EV 96.9 MPH)
Bottom of the 4th over - 0 runs, 0 hits, 0 errors, 0 left on base; Mt. Vernon 1 - Cape Coral 0
TOP OF THE 5TH
Mt. Vernon Bulls batting - Pitching for Cape Coral Reefers : RHP Ken Richmond
Batting: RHB Francisco Ortíz 0-0: Ball
1-0: Swinging Strike
1-1: Ball
2-1: Ball
3-1: Fly out, F7 (Flyball, 7D, EV 91.2 MPH)
Batting: RHB Mike O'Neill 0-0: Called Strike
0-1: Ground out 5-3 (Groundball, 56, EV 105.6 MPH)
Batting: RHB Claudio Corona 0-0: Ball
1-0: Called Strike
1-1: Reached on error, E5 (Groundball, 5, EV 85.0 MPH)
Batting: RHB Ned Lyons 0-0: Called Strike
Claudio Corona steals 2nd base
0-1: Ball
1-1: Ball
2-1: Foul Ball, location: 2F
2-2: Ball
3-2: Foul Ball, location: 2F
3-2: Foul Ball, location: 2F
3-2: SINGLE (Groundball, 56D, EV 100.6 MPH)
Claudio Corona to third
Claudio Corona scores
Batting: LHB Ben Bullock 0-0: Called Strike
0-1: Ball
Wild Pitch!
Ned Lyons to second
1-1: Ball
2-1: Ball
3-1: Called Strike
3-2: Foul Ball, location: 2F
3-2: Strikes out swinging
Top of the 5th over - 1 run, 1 hit, 1 error, 1 left on base; Mt. Vernon 2 - Cape Coral 0
BOTTOM OF THE 5TH
Cape Coral Reefers batting - Pitching for Mt. Vernon Bulls : LHP Lance Barber
Batting: LHB Danny Rodríguez 0-0: Called Strike
0-1: Ball
1-1: Ball
2-1: Ball
3-1: Ground out 4-3 (Groundball, 4, EV 80.6 MPH)
Batting: RHB Woong Byeon 0-0: Called Strike
0-1: Swinging Strike
0-2: Ball
1-2: Ball
2-2: Foul Ball, location: 2F
2-2: Foul Ball, location: 2F
2-2: Strikes out swinging
Batting: RHB Jim Robbins 0-0: Called Strike
0-1: Foul Ball, location: 2F
0-2: Ball
1-2: Foul Ball, location: 2F
1-2: Foul Ball, location: 2F
1-2: Ground out 6-3 (Groundball, 6, EV 81.2 MPH)
Bottom of the 5th over - 0 runs, 0 hits, 0 errors, 0 left on base; Mt. Vernon 2 - Cape Coral 0
TOP OF THE 6TH
Mt. Vernon Bulls batting - Pitching for Cape Coral Reefers : RHP Ken Richmond
Batting: RHB Cyrillo Watson 0-0: Foul Ball, location: 2F
0-1: Ball
1-1: Foul Ball, location: 2F
1-2: Foul Ball, location: 2F
1-2: Foul Ball, location: 2F
1-2: SINGLE (Line Drive, 34D, EV 95.6 MPH)
Pitching: RHP Wiley Shaw
Batting: LHB Philip Todd 0-0: Called Strike
0-1: Foul Ball, location: 2F
0-2: Ball
1-2: Ball
2-2: DOUBLE (Flyball, 78D, EV 103.1 MPH)
Cyrillo Watson to third
Batting: RHB Maema Njongmeta 0-0: Swinging Strike
0-1: Ball
Passed Ball!
Cyrillo Watson scores
Philip Todd to third
1-1: Fly out, F7 (Line Drive, 7, EV 91.9 MPH)
Runner from 3rd tags up, SCORES, no throw by LF
Batting: RHB Doug Page 0-0: Ball
1-0: Foul Ball, location: 2F
1-1: Ball
2-1: Foul Ball, location: 2F
2-2: Foul Ball, location: 2F
2-2: Foul Ball, location: 2F
2-2: Ball
3-2: Strikes out swinging
Batting: RHB Francisco Ortíz 0-0: Called Strike
0-1: Ball
1-1: Ball
2-1: Foul Ball, location: 2F
2-2: Foul Ball, location: 2F
2-2: Ball
3-2: Foul Ball, location: 2F
3-2: SINGLE (Groundball, 5D, EV 96.9 MPH)
Batting: RHB Mike O'Neill 0-0: Ball
Francisco Ortíz steals 2nd base
1-0: Ball
2-0: Called Strike
2-1: Ball
3-1: Called Strike
3-2: Foul Ball, location: 2F
3-2: Foul Ball, location: 2F
3-2: Foul Ball, location: 2F
3-2: Ground out 5-3 (Groundball, 5L, EV 83.1 MPH)
Top of the 6th over - 2 runs, 3 hits, 0 errors, 1 left on base; Mt. Vernon 4 - Cape Coral 0
BOTTOM OF THE 6TH
Cape Coral Reefers batting - Pitching for Mt. Vernon Bulls : LHP Lance Barber
Batting: LHB Fernando Negrete 0-0: Ball
1-0: Called Strike
1-1: Foul Ball, location: 2F
1-2: Strikes out swinging
Batting: RHB Dave Hill 0-0: Swinging Strike
0-1: Called Strike
0-2: Strikes out looking
Batting: RHB Jeff Bowers 0-0: Ball
1-0: Called Strike
1-1: Ball
2-1: Called Strike
2-2: Strikes out looking
Bottom of the 6th over - 0 runs, 0 hits, 0 errors, 0 left on base; Mt. Vernon 4 - Cape Coral 0
TOP OF THE 7TH
Mt. Vernon Bulls batting - Pitching for Cape Coral Reefers : RHP Wiley Shaw
Batting: RHB Claudio Corona 0-0: Ball
1-0: Ball
2-0: Called Strike
2-1: SINGLE (Groundball, 4MD, EV 95.6 MPH)
Pitching: RHP Ismael Pérez
Batting: RHB Ned Lyons 0-0: Sac Bunt to 15S - play at first, batter safe!
Claudio Corona to second
Batting: LHB Ben Bullock 0-0: Bunted foul
0-1: Bunt missed!
0-2: Foul Ball, location: 2F
0-2: Ball
1-2: Ball
2-2: SINGLE (Line Drive, 4MD, EV 96.9 MPH)
Claudio Corona to third
Ned Lyons to second
Runner from 3rd tries for Home, SAFE, throw by CF to home
Batting: RHB Cyrillo Watson 0-0: Ball
1-0: Called Strike
1-1: Foul Ball, location: 2F
1-2: Foul Ball, location: 2F
1-2: Strikes out swinging
Batting: LHB Philip Todd 0-0: Ball
1-0: Called Strike
1-1: Ball
2-1: 3-RUN HOME RUN (Flyball, 7D, EV 91.2 MPH), Distance : 370 ft
Batting: RHB Maema Njongmeta 0-0: Ball
1-0: Ball
2-0: Ball
3-0: Called Strike
3-1: Base on Balls
Batting: RHB Doug Page 0-0: Swinging Strike
0-1: Swinging Strike
0-2: Ball
1-2: Foul Ball, location: 2F
1-2: Strikes out looking
Pinch Hitting: RHB José González 0-0: Foul Ball, location: 2F
0-1: Called Strike
0-2: Ball
1-2: Ball
2-2: Strikes out swinging
Top of the 7th over - 4 runs, 4 hits, 0 errors, 1 left on base; Mt. Vernon 8 - Cape Coral 0
BOTTOM OF THE 7TH
Cape Coral Reefers batting - Pitching for Mt. Vernon Bulls : LHP Lance Barber
Now at SS: José González
Batting: LHB Pedro Guerrero 0-0: Ball
1-0: Ground out 4-3 (Groundball, 4, EV 106.2 MPH)
Pinch Hitting: RHB Matthew Hunt 0-0: Ball
1-0: Fly out, F8 (Flyball, 89D, EV 89.4 MPH)
Batting: RHB Dima Tabakaev 0-0: Ball
1-0: Ball
2-0: Called Strike
2-1: Fly out, F9 (Line Drive, 9LM, EV 100.6 MPH)
Bottom of the 7th over - 0 runs, 0 hits, 0 errors, 0 left on base; Mt. Vernon 8 - Cape Coral 0
TOP OF THE 8TH
Mt. Vernon Bulls batting - Pitching for Cape Coral Reefers : RHP Ismael Pérez
Now at 2B: Matthew Hunt
Pinch Hitting: RHB John Polk 0-0: Ball
1-0: Swinging Strike
1-1: Swinging Strike
1-2: Ball
2-2: Strikes out swinging
Batting: RHB Claudio Corona 0-0: Swinging Strike
0-1: Ball
1-1: Foul Ball, location: 2F
1-2: Foul Ball, location: 2F
1-2: Foul Ball, location: 2F
1-2: Strikes out looking
Pinch Hitting: RHB Cheng-ho Bu 0-0: Swinging Strike
0-1: Foul Ball, location: 2F
0-2: Strikes out swinging
Top of the 8th over - 0 runs, 0 hits, 0 errors, 0 left on base; Mt. Vernon 8 - Cape Coral 0
BOTTOM OF THE 8TH
Cape Coral Reefers batting - Pitching for Mt. Vernon Bulls : LHP Lance Barber
Now at 3B: John Polk
Now in RF: Wei Tu
Pinch Hitting: RHB Jackson Cluff 0-0: Ball
1-0: SINGLE (Flyball, 8RS, EV 97.5 MPH)
Batting: RHB Woong Byeon 0-0: Called Strike
0-1: DOUBLE (Line Drive, 7LD, EV 109.4 MPH)
Jackson Cluff to third
Batting: RHB Jim Robbins 0-0: Called Strike
0-1: Ball
1-1: Foul Ball, location: 2F
1-2: Fly out, F9 (Line Drive, 9D, EV 94.4 MPH)
Runner from 3rd tags up, SCORES, throw by RF
Woong Byeon to third
Batting: LHB Fernando Negrete 0-0: Ball
1-0: Swinging Strike
1-1: Ground out 4-3 (Groundball, 4, EV 86.2 MPH)
Woong Byeon scores
Batting: RHB Dave Hill 0-0: Foul Ball, location: 2F
0-1: Ball
1-1: Ball
2-1: Foul Ball, location: 2F
2-2: Foul Ball, location: 2F
2-2: Ball
3-2: Base on Balls
Pitching: LHP Laurens Bancroft
Batting: RHB Jeff Bowers 0-0: Swinging Strike
0-1: Fielders Choice at 2nd, 6-4 (Groundball, 6, EV 82.5 MPH)
Bottom of the 8th over - 2 runs, 2 hits, 0 errors, 1 left on base; Mt. Vernon 8 - Cape Coral 2
TOP OF THE 9TH
Mt. Vernon Bulls batting - Pitching for Cape Coral Reefers : RHP Ismael Pérez
Pitching: RHP Bill Glenn
Now in LF: Jackson Cluff
Batting: LHB Ben Bullock 0-0: Ball
1-0: Ball
2-0: Called Strike
2-1: Ball
3-1: Foul Ball, location: 2F
3-2: Base on Balls
Batting: RHB Cyrillo Watson 0-0: Called Strike
0-1: Foul Ball, location: 2F
0-2: Ball
1-2: Ball
2-2: Strikes out looking
Batting: LHB Philip Todd 0-0: Foul Ball, location: 2F
0-1: Ball
Ben Bullock is caught stealing 2nd base 2-6
1-1: Swinging Strike
1-2: Strikes out swinging
Top of the 9th over - 0 runs, 0 hits, 0 errors, 0 left on base; Mt. Vernon 8 - Cape Coral 2
BOTTOM OF THE 9TH
Cape Coral Reefers batting - Pitching for Mt. Vernon Bulls : LHP Laurens Bancroft
Batting: LHB Pedro Guerrero 0-0: Ball
1-0: Called Strike
1-1: Ground out U3 (Groundball, 3, EV 107.5 MPH)
Batting: RHB Matthew Hunt 0-0: DOUBLE (Line Drive, 9LS, EV 101.2 MPH)
Batting: RHB Dima Tabakaev 0-0: Foul Ball, location: 2F
0-1: Foul Ball, location: 2F
0-2: Strikes out swinging
Pitching: RHP Danny Kas
Batting: RHB Jackson Cluff 0-0: Ball
1-0: Swinging Strike
1-1: Ball
2-1: Foul Ball, location: 2F
2-2: Foul Ball, location: 2F
2-2: Ball
3-2: Ground out 5-3 (Groundball, 5L, EV 93.1 MPH)
Bottom of the 9th over - 0 runs, 1 hit, 0 errors, 1 left on base; Mt. Vernon 8 - Cape Coral 2
Friday, April 17th, 2020 - OOTP Baseball 20.8 Build 74